 Dungeon Crawl Stone Soup version 0.19-a0-981-gaae9137 (webtiles) character file.

37 Ijustatesigmund the Skirmisher (level 3, 28/29 HPs)
             Began as a Demonspawn Berserker on July 14, 2016.
             Was a Believer of Trog.
             Quit the game on level 2 of the Dungeon.
             The game lasted 00:02:07 (1233 turns).

Ijustatesigmund the Skirmisher (DsBe)               Turns: 1233, Time: 00:02:07

Health: 28/29      AC:  2    Str: 17    XL:     3   Next: 21%
Magic:  3/3        EV: 12    Int:  8    God:    Trog [**....]
Gold:   72         SH:  0    Dex: 11    Spells: 0 memorised, 2 levels left

rFire  . . .     SeeInvis .     a - +0 hand axe
rCold  . . .     Gourm    .     b - +0 animal skin
rNeg   . . .     Faith    .     (no shield)
rPois  +         Spirit   .     (helmet restricted)
rElec  .         Dismiss  .     (no cloak)
rCorr  .         Reflect  .     (no gloves)
SustAt .         Harm     .     (no boots)
MR     .....                    (no amulet)
Stlth  +.........               (no ring)
                                (no ring)

@: not resistant to hostile enchantments, very unstealthy
A: claws 2, horns 1, clumsy 1, poison resistance
a: Berserk, Trog's Hand, Burn Spellbooks, Renounce Religion


You were on level 2 of the Dungeon.
You worshipped Trog.
Trog was pleased with you.
You were very hungry.

You visited 1 branch of the dungeon, and saw 2 of its levels.

You collected 72 gold pieces.

Inventory:

Hand Weapons
 a - a +0 hand axe (weapon)
Armour
 b - a +0 animal skin (worn)
Scrolls
 h - a scroll of remove curse
 l - a scroll of magic mapping {unknown}
 m - a scroll of random uselessness {unknown}
 n - a scroll of noise {unknown}
Potions
 d - 2 potions of curing
Comestibles
 c - 3 bread rations
 f - 2 meat rations
 j - 2 slices of pizza
 k - a royal jelly


   Skills:
 + Level 3.6 Fighting
 + Level 3.4 Axes
 - Level 1.7 Armour
 - Level 1.7 Dodging


You had 2 spell levels left.
You didn't know any spells.

Dungeon Overview and Level Annotations

Branches:
Dungeon (2/15)

Altars:


Innate Abilities, Weirdness & Mutations

You have very sharp fingernails.
You have a pair of small horns on your head.
You are clumsy. (Dex -2)
Your system is resistant to poisons. (rPois)


Message History

o - a cursed -4 ring of evasion (left claw)
As you read the scroll labeled QIPEABESMY, it crumbles to dust.
It is a scroll of identify.
d - 2 potions of curing
As you read the scroll of identify, it crumbles to dust.
g - a potion of mutation
As you read the scroll of identify, it crumbles to dust.
i - a potion of degeneration Drop what? 14/52 slots (_ for help) (? for menu, Esc to quit)
You drop a potion of degeneration.
As you read the scroll labeled DOSORA COLYKIO, it crumbles to dust.
You feel as if something is helping you.
It was a scroll of remove curse.
Drop what? 13/52 slots (_ for help) (? for menu, Esc to quit)
You remove your -4 ring of evasion.
You drop a -4 ring of evasion.
You feel extremely strange.
You feel clumsy. A pair of horns grows on your head!
You feel resistant to poisons.
Are you sure you want to abandon this character and quit the game? (Confirm with "yes".)

.. .. .. .# .# #.# ############ .#
##.##############........... .#
#...)...........#.########## .#
##......# .#@.......#########
.####.......#.###.#.รท............
.............# ##..#..##########
.####.......# #.#...## #
..####..<...# #.###.## #
............# #.# ..# #
..###...###..... .### # #.# ##..#
.#.. #### .## #..# ..# ##.##


There were no monsters in sight!

Vanquished Creatures
  An adder (D:2)
  A dart slug (D:1)
  A giant gecko (D:2)
  4 giant cockroaches
  2 goblins (D:1)
  3 hobgoblins (D:1)
  2 ball pythons (D:1)
  2 giant newts (D:1)
  7 kobolds
  A rat (D:1)
24 creatures vanquished.

Notes
Turn   | Place    | Note
-------+----------+-------------------------------------------
     0 | D:1      | Ijustatesigmund the Demonspawn Berserker began the quest for the Orb.
     0 | D:1      | Reached XP level 1. HP: 18/18 MP: 1/1
   138 | D:1      | Gained mutation: You have sharp fingernails. [demonic ancestry]
   138 | D:1      | Reached XP level 2. HP: 21/24 MP: 2/2
   433 | D:1      | Reached ** piety under Trog
   975 | D:2      | Found a faded altar of an unknown god.
  1026 | D:2      | Gained mutation: You have very sharp fingernails. [demonic ancestry]
  1026 | D:2      | Reached XP level 3. HP: 16/29 MP: 3/3
  1232 | D:2      | Gained mutation: You are clumsy. (Dex -2) [potion of mutation]
  1232 | D:2      | Gained mutation: You have a pair of small horns on your head. [potion of mutation]
  1232 | D:2      | Gained mutation: Your system is resistant to poisons. (rPois) [potion of mutation]
  1233 | D:2      | Quit the game

Vault maps used:
D:1:      dpeg_arrival_arbitrary_b, due_unseen_surprise
D:2:      ecumenical_altar_1, first_bread

Skill      XL: |  1 |
---------------+----+-----
Axes           | 3 |  3.4
Fighting       | |  3.6
Armour         | |  1.7
Dodging        | |  1.7

Action                   || total
-------------------------++-------
Melee: Hand axe          ||    82
  Use: Scroll            ||     4
       Potion            ||     1
 Stab: Sleeping          ||     2
Armor: Animal skin       ||    16
Dodge: Dodged            ||    58
